 Dungeon Crawl Stone Soup version 0.27-a0-1281-ge233d83751 (webtiles) character file.

Game seed: 11281718743177233407

7 Ijustatesigmund the Sneak (level 1, 0/11 HPs)
             Began as a Spriggan Brigand on June 14, 2021.
             Slain by a jackal (3 damage)
             ... on level 1 of the Dungeon.
             The game lasted 00:01:10 (597 turns).

Ijustatesigmund the Sneak (Spriggan Brigand)         Turns: 597, Time: 00:01:10

Health: 0/11       AC:  3    Str:  7    XL:     1   Next: 83%
Magic:  2/2        EV: 16    Int: 12    God:
Gold:   0          SH:  0    Dex: 16    Spells: 0/0 levels left

rFire    . . .     SeeInvis +   a - +2 dagger
rCold    . . .     Faith    .   (shield restricted)
rNeg     . . .     Spirit   .   b - +0 robe
rPois    .         Reflect  .   (helmet restricted)
rElec    .         Harm     .   c - +0 cloak
rCorr    .         Rampage  .   (gloves unavailable)
Will     .....                  (boots unavailable)
Stlth    +++.......             (no amulet)
HPRegen  0.03/turn              (no ring)
MPRegen  0.08/turn              (no ring)

@: very quick
A: very small, no large weapons, unfitting armour, see invisible, speed 3
a: no special abilities


You were on level 1 of the Dungeon.
You visited 1 branch of the dungeon, and saw 1 of its levels.

Inventory:

Hand Weapons
 a - a +2 dagger (weapon)
Missiles
 d - 4 poisoned darts (quivered)
 e - 2 curare-tipped darts
Armour
 b - a +0 robe (worn)
 c - a +0 cloak (worn)
Scrolls
 f - a scroll of fear {unknown}


   Skills:
 + Level 1.9 Fighting
 + Level 2.5 Short Blades
 - Level 2.0 Throwing
 - Level 1.3 Dodging
 - Level 5.8 Stealth


You couldn't memorise any spells.
You didn't know any spells.
Your spell library was empty.

Dungeon Overview and Level Annotations

Branches:
Dungeon (1/15)

Altars:


Innate Abilities, Weirdness & Mutations

You are very small and have problems with some larger weapons.
You are too small for most types of armour.
You have supernaturally acute eyesight. (SInv)
You cover ground extremely quickly. (Speed+++)


Message History

The kobold shouts!
The ball python hisses angrily.
You hear an angry hiss.
You hear a bark!
You hit the giant cockroach but do no damage.
The giant cockroach bites you.
You hit the giant cockroach but do no damage.
The giant cockroach completely misses you.
You closely miss the giant cockroach. The giant cockroach bites you.
You hit the giant cockroach.
The giant cockroach is severely wounded.
The giant cockroach misses you.
The kobold shouts!
You hit the giant cockroach but do no damage.
The giant cockroach is severely wounded.
The ball python bites you but does no damage.
The ball python closely misses you. The giant cockroach misses you.
You closely miss the giant cockroach.
The giant cockroach is severely wounded.
The ball python completely misses you. The ball python grabs you.
The ball python constricts you. The giant cockroach barely misses you.
You closely miss the ball python. The ball python bites you.
The ball python constricts you. The giant cockroach barely misses you.
You hit the ball python.
The ball python is severely wounded.
The giant cockroach bites you. The ball python bites you.
* * * LOW HITPOINT WARNING * * *
The ball python constricts you.
The kobold hits you with a +0 short sword.
* * * LOW HITPOINT WARNING * * *
You escape the ball python's grasp.
The giant cockroach barely misses you. The kobold misses you.
The giant cockroach barely misses you.
Really walk into that teleport trap?
You enter a teleport trap!
The teleport trap disappears.
Your surroundings seem slightly different.
A ball python and 3 jackals come into view.
The ball python hisses angrily.
The ball python moves out of view.
The jackal barks! x3
The jackal misses you. The jackal bites you.
You die...

##.#....##.####†# #.######
#.#..####.# #.####......#####..
#.#..# #.# #......K(..(......#
#.#..# #.# #########.#.#####.
#.#..####.###### #.#.#
#.#..K..K.SB...# #.#S#
#.##.####.####.# #.#.#####
#.##.# #.####.######.#..#...###
#.##K####.....S@.....###K#......
#.#.K.........hh#####.#........#
#.#..#########.h# #.#.##K#...
#.#......... .... ...... ... .
#.....########..## ####### .#†..
#.....# #..# .#.(. #.........#
#..# .# .. >(.......#.# #..# ..
. ...........# .. .


You could see 3 jackals and a ball python.

Vanquished Creatures
  An endoplasm (D:1)
  A hobgoblin (D:1)
  A quokka (D:1)
  2 ball pythons (D:1)
  A goblin (D:1)
6 creatures vanquished.

Notes
Turn   | Place    | Note
-------+----------+-------------------------------------------
     0 | D:1      | Ijustatesigmund the Spriggan Brigand began the quest for
                  | the Orb.
     0 | D:1      | Reached XP level 1. HP: 10/10 MP: 2/2
   597 | D:1      | Slain by a jackal

Illustrated notes

Levels and vault maps discovered:
D:1:      mrwooster_arrival_statue, layout_loops_ring

Action                   || total
-------------------------++-------
Melee: Dagger            ||    25
Throw: Dart              ||     6
 Stab: Sleeping          ||     1
Armor: Robe              ||     2
Dodge: Dodged            ||    26

Table legend: (Time is in decaauts)
 A = Elapsed time spent in this place.
 B = Non-inter-level travel time spent in this place.
 C = Inter-level travel time spent in this place.
 D = Time resting spent in this place.
 E = Time spent auto-exploring this place.
 F = Levels seen in this place.
 G = Mean time per level.
                   A        B        C        D        E       F      G
               +--------+--------+--------+--------+--------+-----+--------+
         Total |    512 |    512 |      0 |    135 |    293 |   1 |  512.0 |
       Dungeon |    512 |    512 |      0 |    135 |    293 |   1 |  512.0 |
               +--------+--------+--------+--------+--------+-----+--------+

Top non-repeatable levels by time:
     D:1: 512 daAuts
